PA
EUGENE VANDALS @ ROCKY MOUNTAIN VIBES
07/30/2041
 
TOP OF THE 1ST
Eugene Vandals batting - Pitching for Rocky Mountain Vibes : RHP Jim Sousa
Pitching: RHP Jim Sousa
Batting: RHB Gyoo-jae Kil 0-0: Called Strike
0-1: Ball
1-1: Foul Ball, location: 2F
1-2: Strikes out swinging
Batting: RHB Ángel Júlio 0-0: Ground out 6-3 (Groundball, 6, EV 76.2 MPH)
Batting: LHB Roosevelt Cartledge 0-0: Ground out 6-3 (Groundball, 6M, EV 103.1 MPH)
Top of the 1st over - 0 runs, 0 hits, 0 errors, 0 left on base; Eugene 0 - Rocky Mountain 0
BOTTOM OF THE 1ST
Rocky Mountain Vibes batting - Pitching for Eugene Vandals : LHP José Torres
Pitching: LHP José Torres
Batting: RHB Juan Rea 0-0: Called Strike
0-1: Swinging Strike
0-2: Strikes out looking
Batting: RHB Juan Sierra 0-0: Foul Ball, location: 2F
0-1: Hit by Pitch
Batting: RHB Magnus Fjord 0-0: Fly out, F9 (Flyball, 89S, EV 88.1 MPH)
Batting: RHB Benoît Baudry 0-0: Called Strike
0-1: Ball
1-1: Ball
2-1: Fly out, F9 (Flyball, 9D, EV 90.0 MPH)
Bottom of the 1st over - 0 runs, 0 hits, 0 errors, 1 left on base; Eugene 0 - Rocky Mountain 0
TOP OF THE 2ND
Eugene Vandals batting - Pitching for Rocky Mountain Vibes : RHP Jim Sousa
Batting: LHB Aniq bin Mu'ayyad 0-0: Called Strike
0-1: Called Strike
0-2: Strikes out swinging
Batting: SHB Dave Richards 0-0: Ball
1-0: Called Strike
1-1: Foul Ball, location: 2F
1-2: Foul Ball, location: 2F
1-2: DOUBLE (Line Drive, 89M, EV 101.2 MPH)
Batting: RHB Ken Francis 0-0: SINGLE (Line Drive, 56D, EV 95.0 MPH)
Dave Richards to third
Batting: RHB Alfonso Pereyra 0-0: Ball
1-0: Ball
2-0: SINGLE (Groundball, 56, EV 101.9 MPH) (infield hit)
Dave Richards scores
Ken Francis to second
Batting: RHB Masaaki Hakui 0-0: Ball
1-0: Foul Ball, location: 2F
1-1: Ball
2-1: Foul Ball, location: 2F
2-2: Ball
3-2: Fielders Choice at 2nd, 5-4 (Groundball, 5, EV 88.8 MPH)
Ken Francis to third
Batting: RHB Arturo Beltrán 0-0: Foul Ball, location: 2F
0-1: Ball
1-1: Ball
2-1: SINGLE (Line Drive, 8RS, EV 107.5 MPH)
Ken Francis scores
Masaaki Hakui to second
Batting: RHB Gyoo-jae Kil 0-0: Called Strike
0-1: Foul Ball, location: 2F
0-2: Foul Ball, location: 2F
0-2: Ball
1-2: Ball
2-2: Fly out, F9 (Flyball, 9, EV 96.2 MPH)
Top of the 2nd over - 2 runs, 4 hits, 0 errors, 2 left on base; Eugene 2 - Rocky Mountain 0
BOTTOM OF THE 2ND
Rocky Mountain Vibes batting - Pitching for Eugene Vandals : LHP José Torres
Batting: RHB Daniel Morel 0-0: SINGLE (Groundball, 34D, EV 108.1 MPH)
Batting: LHB Alexandre Prost 0-0: Ball
1-0: Called Strike
1-1: Foul Ball, location: 2F
1-2: DOUBLE (Line Drive, 9LD, EV 106.9 MPH)
Daniel Morel to third
Batting: RHB David Mooney 0-0: Foul Ball, location: 2F
0-1: Ground out 4-3 (Groundball, 4, EV 90.0 MPH)
Daniel Morel scores
Alexandre Prost to third
Batting: SHB William Anderson 0-0: SINGLE (Line Drive, 78S, EV 92.5 MPH)
Alexandre Prost scores
Batting: RHB Patrick Rivera 0-0: Called Strike
0-1: Fly out, F3 (Popup, 34S, EV 61.9 MPH)
Batting: RHB Juan Rea 0-0: Ball
1-0: Ground out U3 (Groundball, 34, EV 102.5 MPH)
Bottom of the 2nd over - 2 runs, 3 hits, 0 errors, 1 left on base; Eugene 2 - Rocky Mountain 2
TOP OF THE 3RD
Eugene Vandals batting - Pitching for Rocky Mountain Vibes : RHP Jim Sousa
Batting: RHB Ángel Júlio 0-0: Called Strike
0-1: Swinging Strike
0-2: Strikes out swinging
Batting: LHB Roosevelt Cartledge 0-0: Reached on error, E4 (Groundball, 4, EV 90.6 MPH)
Batting: LHB Aniq bin Mu'ayyad 0-0: Foul Ball, location: 2F
0-1: Called Strike
0-2: Ground out 5-3 (Groundball, 56S, EV 68.1 MPH)
Roosevelt Cartledge to second
Batting: SHB Dave Richards 0-0: Ball
1-0: Ground out 1-3 (Groundball, 34S, EV 68.8 MPH)
Top of the 3rd over - 0 runs, 0 hits, 1 error, 1 left on base; Eugene 2 - Rocky Mountain 2
BOTTOM OF THE 3RD
Rocky Mountain Vibes batting - Pitching for Eugene Vandals : LHP José Torres
Pitching: RHP Carlos Guadarrama
Batting: RHB Juan Sierra 0-0: Foul Ball, location: 2F
0-1: Called Strike
0-2: Strikes out swinging
Batting: RHB Magnus Fjord 0-0: Called Strike
0-1: Fly out, F8 (Flyball, 8RM, EV 76.9 MPH)
Batting: RHB Benoît Baudry 0-0: Ball
1-0: Fly out, F6 (Popup, 6, EV 60.6 MPH)
Bottom of the 3rd over - 0 runs, 0 hits, 0 errors, 0 left on base; Eugene 2 - Rocky Mountain 2
TOP OF THE 4TH
Eugene Vandals batting - Pitching for Rocky Mountain Vibes : RHP Jim Sousa
Batting: RHB Ken Francis 0-0: Ball
1-0: Ball
2-0: Called Strike
2-1: Ball
3-1: Base on Balls
Batting: RHB Alfonso Pereyra 0-0: Ball
Wild Pitch!
Ken Francis to second
1-0: DOUBLE (Flyball, 78XD, EV 93.1 MPH)
Ken Francis scores
Batting: RHB Masaaki Hakui 0-0: Foul Ball, location: 2F
0-1: Ground out 4-3 (Groundball, 4, EV 89.4 MPH)
Alfonso Pereyra to third
Batting: RHB Arturo Beltrán 0-0: Called Strike
0-1: Fly out, F7 (Flyball, 7, EV 94.4 MPH)
Runner from 3rd tags up, SCORES, no throw by LF
Batting: RHB Gyoo-jae Kil 0-0: Called Strike
0-1: Ground out 5-3 (Groundball, 5, EV 104.4 MPH)
Top of the 4th over - 2 runs, 1 hit, 0 errors, 0 left on base; Eugene 4 - Rocky Mountain 2
BOTTOM OF THE 4TH
Rocky Mountain Vibes batting - Pitching for Eugene Vandals : RHP Carlos Guadarrama
Batting: RHB Daniel Morel 0-0: Ball
1-0: Foul Ball, location: 2F
1-1: Called Strike
1-2: Ball
2-2: Ball
3-2: Ground out 4-3 (Groundball, 4, EV 89.4 MPH)
Batting: LHB Alexandre Prost 0-0: Swinging Strike
0-1: Called Strike
0-2: Ball
1-2: Strikes out swinging
Batting: RHB David Mooney 0-0: Called Strike
0-1: Fly out, F7 (Flyball, 7D, EV 100.6 MPH)
Bottom of the 4th over - 0 runs, 0 hits, 0 errors, 0 left on base; Eugene 4 - Rocky Mountain 2
TOP OF THE 5TH
Eugene Vandals batting - Pitching for Rocky Mountain Vibes : RHP Jim Sousa
Batting: RHB Ángel Júlio 0-0: Ball
1-0: DOUBLE (Flyball, 89D, EV 89.4 MPH)
Batting: LHB Roosevelt Cartledge 0-0: Ball
1-0: SINGLE (Groundball, 34D, EV 105.6 MPH)
Ángel Júlio to third
Batting: LHB Aniq bin Mu'ayyad 0-0: Foul Ball, location: 2F
0-1: Ball
1-1: Swinging Strike
1-2: Strikes out swinging
Batting: SHB Dave Richards 0-0: Ball
1-0: Called Strike
1-1: Ball
2-1: Called Strike
2-2: Foul Ball, location: 2F
2-2: Strikes out swinging
Batting: RHB Ken Francis 0-0: Called Strike
0-1: Called Strike
0-2: Strikes out swinging
Top of the 5th over - 0 runs, 2 hits, 0 errors, 2 left on base; Eugene 4 - Rocky Mountain 2
BOTTOM OF THE 5TH
Rocky Mountain Vibes batting - Pitching for Eugene Vandals : RHP Carlos Guadarrama
Batting: SHB William Anderson 0-0: Ball
1-0: SOLO HOME RUN (Flyball, 7D, EV 93.8 MPH), Distance : 405 ft
Batting: RHB Patrick Rivera 0-0: Foul Ball, location: 2F
0-1: Foul Ball, location: 2F
0-2: Ball
1-2: Foul Ball, location: 2F
1-2: Fly out, F8 (Flyball, 8LM, EV 92.5 MPH)
Batting: RHB Juan Rea 0-0: TRIPLE (Line Drive, 89XD, EV 106.9 MPH)
Batting: RHB Juan Sierra 0-0: Swinging Strike
0-1: Ball
1-1: Ball
2-1: Foul Ball, location: 2F
2-2: Ball
3-2: Base on Balls
Batting: RHB Magnus Fjord 0-0: Called Strike
Juan Sierra steals 2nd, throwing error, E2
Juan Rea scores
Juan Sierra to third
0-1: Ball
1-1: Ball
2-1: Ball
3-1: Foul Ball, location: 2F
3-2: SINGLE (Groundball, 6, EV 94.4 MPH) (infield hit)
Juan Sierra scores
Batting: RHB Benoît Baudry 0-0: Grounds into double play, 5-4-3 (Groundball, 56S, EV 84.4 MPH)
Bottom of the 5th over - 3 runs, 3 hits, 1 error, 0 left on base; Eugene 4 - Rocky Mountain 5
TOP OF THE 6TH
Eugene Vandals batting - Pitching for Rocky Mountain Vibes : RHP Jim Sousa
Pitching: RHP José Luján
Batting: RHB Alfonso Pereyra 0-0: Ball
1-0: Ball
2-0: Called Strike
2-1: Called Strike
2-2: DOUBLE (Line Drive, 7D, EV 91.9 MPH)
Batting: RHB Masaaki Hakui 0-0: Ball
1-0: Swinging Strike
1-1: Ball
2-1: SINGLE (Groundball, 5, EV 99.4 MPH) (infield hit)
Alfonso Pereyra to third
Batting: RHB Arturo Beltrán 0-0: Ball
1-0: Ball
2-0: Ground out 5-3 (Groundball, 5, EV 93.8 MPH)
Masaaki Hakui to second
Batting: RHB Gyoo-jae Kil 0-0: Fly out, F8 (Flyball, 8RM, EV 98.1 MPH)
Runner from 3rd tags up, SCORES, throw by CF
Batting: RHB Ángel Júlio 0-0: Foul Ball, location: 2F
0-1: Foul Ball, location: 2F
0-2: Foul Ball, location: 2F
0-2: Fly out, F8 (Line Drive, 8LM, EV 91.2 MPH)
Top of the 6th over - 1 run, 2 hits, 0 errors, 1 left on base; Eugene 5 - Rocky Mountain 5
BOTTOM OF THE 6TH
Rocky Mountain Vibes batting - Pitching for Eugene Vandals : RHP Carlos Guadarrama
Batting: RHB Daniel Morel 0-0: SINGLE (Line Drive, 8RS, EV 92.5 MPH)
Pitching: RHP Eugene Bell
Batting: LHB Alexandre Prost 0-0: Bunted foul
0-1: Sac Bunt to 13 - play at first, batter OUT! 1-4
Daniel Morel to second
Batting: RHB David Mooney 0-0: Ground out 6-3 (Groundball, 6, EV 98.8 MPH)
Batting: SHB William Anderson 0-0: Ball
1-0: Foul Ball, location: 2F
1-1: Ball
2-1: Foul Ball, location: 2F
2-2: Strikes out swinging
Bottom of the 6th over - 0 runs, 1 hit, 0 errors, 1 left on base; Eugene 5 - Rocky Mountain 5
TOP OF THE 7TH
Eugene Vandals batting - Pitching for Rocky Mountain Vibes : RHP José Luján
Batting: LHB Roosevelt Cartledge 0-0: Ball
1-0: Ball
2-0: Called Strike
2-1: Swinging Strike
2-2: Ball
3-2: Strikes out swinging
Batting: LHB Aniq bin Mu'ayyad 0-0: Called Strike
0-1: Swinging Strike
0-2: Strikes out swinging
Batting: SHB Dave Richards 0-0: Ball
1-0: Ball
2-0: Foul Ball, location: 2F
2-1: Ball
3-1: SINGLE (Groundball, 4MD, EV 95.0 MPH)
Batting: RHB Ken Francis 0-0: Swinging Strike
0-1: Foul Ball, location: 2F
0-2: Foul Ball, location: 2F
0-2: Ball
1-2: Ball
2-2: Fielders Choice at 2nd, 5-4 (Groundball, 56, EV 79.4 MPH)
Top of the 7th over - 0 runs, 1 hit, 0 errors, 1 left on base; Eugene 5 - Rocky Mountain 5
BOTTOM OF THE 7TH
Rocky Mountain Vibes batting - Pitching for Eugene Vandals : RHP Eugene Bell
Batting: RHB Patrick Rivera 0-0: Called Strike
0-1: Ball
1-1: Foul Ball, location: 2F
1-2: Ball
2-2: Ground out 5-3 (Groundball, 56S, EV 85.0 MPH)
Batting: RHB Juan Rea 0-0: Ball
1-0: Ball
2-0: Called Strike
2-1: Foul Ball, location: 2F
2-2: Ball
3-2: Base on Balls
Batting: RHB Juan Sierra 0-0: Ball
1-0: Foul Ball, location: 2F
1-1: Ball
2-1: Fielders Choice at 2nd, 4-6 (Groundball, 4, EV 85.6 MPH)
Batting: RHB Magnus Fjord 0-0: Ball
1-0: Called Strike
1-1: Swinging Strike
1-2: Foul Ball, location: 2F
1-2: Strikes out swinging
Bottom of the 7th over - 0 runs, 0 hits, 0 errors, 1 left on base; Eugene 5 - Rocky Mountain 5
TOP OF THE 8TH
Eugene Vandals batting - Pitching for Rocky Mountain Vibes : RHP José Luján
Batting: RHB Alfonso Pereyra 0-0: Swinging Strike
0-1: Ball
1-1: Called Strike
1-2: Ball
2-2: Fly out, F8 (Flyball, 8LM, EV 90.0 MPH)
Pitching: RHP Zachary Loseby
Batting: RHB Masaaki Hakui 0-0: Ground out 5-3 (Groundball, 56, EV 90.0 MPH)
Batting: RHB Arturo Beltrán 0-0: Foul Ball, location: 2F
0-1: Ball
1-1: Called Strike
1-2: Strikes out swinging
Top of the 8th over - 0 runs, 0 hits, 0 errors, 0 left on base; Eugene 5 - Rocky Mountain 5
BOTTOM OF THE 8TH
Rocky Mountain Vibes batting - Pitching for Eugene Vandals : RHP Eugene Bell
Batting: RHB Benoît Baudry 0-0: Fly out, F8 (Line Drive, 8RM, EV 93.8 MPH)
Batting: RHB Daniel Morel 0-0: Fly out, F8 (Flyball, 8RXD, EV 94.4 MPH)
Batting: LHB Alexandre Prost 0-0: Called Strike
0-1: Foul Ball, location: 2F
0-2: Ball
1-2: Ground out U3 (Groundball, 34S, EV 63.8 MPH)
Bottom of the 8th over - 0 runs, 0 hits, 0 errors, 0 left on base; Eugene 5 - Rocky Mountain 5
TOP OF THE 9TH
Eugene Vandals batting - Pitching for Rocky Mountain Vibes : RHP Zachary Loseby
Pinch Hitting: LHB Boboy Enabore 0-0: Swinging Strike
0-1: Ball
1-1: Reached on error, E6 (Groundball, 6, EV 76.2 MPH)
Batting: RHB Ángel Júlio 0-0: Ball
1-0: Ball
2-0: Ball
3-0: Fielders Choice at 2nd, 6-4 (Groundball, 6S, EV 83.1 MPH)
Batting: LHB Roosevelt Cartledge 0-0: Ball
1-0: Ball
2-0: Ball
3-0: Base on Balls
Ángel Júlio to second
Batting: LHB Aniq bin Mu'ayyad 0-0: Called Strike
0-1: Ball
1-1: SINGLE (Line Drive, 5D, EV 98.8 MPH)
Ángel Júlio to third
Roosevelt Cartledge to second
Runner from 3rd tries for Home, SAFE, throw by LF to home
Batting: SHB Dave Richards 0-0: Ball
1-0: Called Strike
1-1: Called Strike
1-2: Foul Ball, location: 2F
1-2: Ball
2-2: Strikes out swinging
Batting: RHB Ken Francis 0-0: Swinging Strike
0-1: Ball
1-1: Called Strike
1-2: Foul Ball, location: 2F
1-2: Foul Ball, location: 2F
1-2: Ball
2-2: Ball
3-2: Foul Ball, location: 2F
3-2: Base on Balls
Roosevelt Cartledge to third
Aniq bin Mu'ayyad to second
Batting: RHB Alfonso Pereyra 0-0: Called Strike
0-1: Foul Ball, location: 2F
0-2: Ball
1-2: Fly out, F4 (Popup, 4D, EV 60.6 MPH)
Top of the 9th over - 1 run, 1 hit, 1 error, 3 left on base; Eugene 6 - Rocky Mountain 5
BOTTOM OF THE 9TH
Rocky Mountain Vibes batting - Pitching for Eugene Vandals : RHP Eugene Bell
Pitching: RHP Tommy Moore
Now at SS: Will Ross
Now in LF: Noud Baggerman
Now in CF: Jorge Quintana
Batting: RHB David Mooney 0-0: Called Strike
0-1: Ball
1-1: SINGLE (Groundball, 6S, EV 68.8 MPH) (infield hit)
Batting: SHB William Anderson 0-0: Swinging Strike
0-1: Ball
1-1: Swinging Strike
1-2: Ball
2-2: Ball
3-2: Foul Ball, location: 2F
3-2: Base on Balls
David Mooney to second
Pinch Hitting: RHB Uoti Vaijärvi 0-0: Foul Ball, location: 2F
0-1: Ball
1-1: Foul Ball, location: 2F
1-2: Foul Ball, location: 2F
1-2: Ball
2-2: SINGLE (Flyball, 89M, EV 86.9 MPH)
David Mooney to third
William Anderson to second
Runner from 3rd tries for Home, SAFE, throw by RF to home
Batting: RHB Juan Rea 0-0: Ball
1-0: Ball
2-0: Fielders Choice at 2nd, 4-6 (Groundball, 4M, EV 84.4 MPH)
William Anderson to third
Batting: RHB Juan Sierra 0-0: Ball
1-0: Ball
2-0: Ball
3-0: Called Strike
3-1: Called Strike
3-2: Fielders Choice at 2nd, 1-6 (Groundball, 23, EV 92.5 MPH)
Batting: RHB Magnus Fjord 0-0: Fielders Choice at 2nd, 6-4 (Groundball, 6, EV 101.9 MPH)
Bottom of the 9th over - 1 run, 2 hits, 0 errors, 2 left on base; Eugene 6 - Rocky Mountain 6
TOP OF THE 10TH
Eugene Vandals batting - Pitching for Rocky Mountain Vibes : RHP Zachary Loseby
Pitching: LHP Kenny Pollock
Now at C: Uoti Vaijärvi
Batting: RHB Noud Baggerman 0-0: Ball
1-0: Called Strike
1-1: Swinging Strike
1-2: Ball
2-2: Foul Ball, location: 2F
2-2: Ground out 6-3 (Groundball, 6, EV 85.6 MPH)
Batting: RHB Arturo Beltrán 0-0: Ball
1-0: Called Strike
1-1: Ball
2-1: Foul Ball, location: 2F
2-2: Foul Ball, location: 2F
2-2: Strikes out swinging
Batting: RHB Jorge Quintana 0-0: Fly out, F9 (Line Drive, 9, EV 90.6 MPH)
Top of the 10th over - 0 runs, 0 hits, 0 errors, 0 left on base; Eugene 6 - Rocky Mountain 6
BOTTOM OF THE 10TH
Rocky Mountain Vibes batting - Pitching for Eugene Vandals : RHP Tommy Moore
Pitching: LHP Virgil Gilbert
Batting: RHB Benoît Baudry 0-0: Ball
1-0: Ball
2-0: Swinging Strike
2-1: Fly out, F8 (Line Drive, 8RD, EV 85.6 MPH)
Batting: RHB Daniel Morel 0-0: Swinging Strike
0-1: Foul Ball, location: 2F
0-2: Fly out, F3 (Popup, 3SF, EV 65.6 MPH)
Pinch Hitting: RHB Ricardo Urquijo 0-0: Foul Ball, location: 2F
0-1: Ball
1-1: Ball
2-1: Fly out, F8 (Line Drive, 8LD, EV 94.4 MPH)
Bottom of the 10th over - 0 runs, 0 hits, 0 errors, 0 left on base; Eugene 6 - Rocky Mountain 6
TOP OF THE 11TH
Eugene Vandals batting - Pitching for Rocky Mountain Vibes : LHP Kenny Pollock
Now in RF: Eugene Taylor
Batting: RHB Will Ross 0-0: Ground out 6-3 (Groundball, 6, EV 85.6 MPH)
Batting: LHB Roosevelt Cartledge 0-0: Ball
1-0: Foul Ball, location: 2F
1-1: Fly out, F8 (Flyball, 8LXD, EV 100.6 MPH)
Batting: LHB Aniq bin Mu'ayyad 0-0: Called Strike
0-1: Ball
1-1: Swinging Strike
1-2: Ball
2-2: Strikes out swinging
Top of the 11th over - 0 runs, 0 hits, 0 errors, 0 left on base; Eugene 6 - Rocky Mountain 6
BOTTOM OF THE 11TH
Rocky Mountain Vibes batting - Pitching for Eugene Vandals : LHP Virgil Gilbert
Batting: RHB David Mooney 0-0: Ball
1-0: Swinging Strike
1-1: Foul Ball, location: 2F
1-2: Ball
2-2: Fly out, F9 (Flyball, 89S, EV 80.6 MPH)
Batting: SHB William Anderson 0-0: Foul Ball, location: 2F
0-1: Called Strike
0-2: Foul Ball, location: 2F
0-2: SINGLE (Line Drive, 56, EV 98.1 MPH)
Batting: RHB Uoti Vaijärvi 0-0: Ball
1-0: Ball
2-0: Ball
3-0: Called Strike
3-1: DOUBLE (Line Drive, 9LM, EV 106.9 MPH)
William Anderson to third
Batting: RHB Juan Rea 0-0: Ball
1-0: Ball
2-0: Called Strike
2-1: Ball
3-1: Base on Balls
Batting: RHB Juan Sierra 0-0: Called Strike
0-1: Swinging Strike
0-2: Ball
1-2: Ball
2-2: Fly out, F2 (Popup, 3SF, EV 75.0 MPH)
Batting: RHB Magnus Fjord 0-0: SINGLE (Line Drive, 8LS, EV 93.8 MPH)
William Anderson scores
Tuesday, January 5th, 2021 - OOTP Baseball 20.8 Build 74